 Dungeon Crawl Stone Soup version 0.30-a0-586-g23e55c9e0a (webtiles) character file.

Game seed: 4254075232898298258

49 drugrobin the Sneak (level 3, 0/30 HPs)
             Began as a Demigod Delver on Jan 3, 2023.
             Slain by a white imp (2 damage)
             ... summoned by Natasha
             ... on level 2 of the Dungeon.
             The game lasted 00:03:59 (844 turns).

drugrobin the Sneak (Demigod Delver)                 Turns: 844, Time: 00:04:00

Health: 0/30       AC:  3    Str: 13    XL:     3   Next: 33%
Magic:  5/5        EV: 12    Int: 12    God:
Gold:   30         SH:  0    Dex: 19    Spells: 2/2 levels left

rFire   . . .      SeeInvis .      - Unarmed
rCold   . . .      Faith    .    (no shield)
rNeg    . . .      Spirit   .    a - +0 leather armour
rPois   .          Reflect  .    (no helmet)
rElec   .          Harm     .    (no cloak)
rCorr   .          Rampage  .    (no gloves)
Will    .....                    (no boots)
Stlth   +++                      m - amulet of regeneration
HPRegen 1.05/turn                (no ring)
MPRegen 0.09/turn                (no ring)

@: brilliant
A: high MP 1, forlorn, divine attributes
a: no special abilities


You were on level 2 of the Dungeon.
You visited 2 branches of the dungeon, and saw 5 of its levels.

You collected 30 gold pieces.

Inventory:

Missiles
 k - 3 poisoned darts (quivered)
Armour
 a - a +0 leather armour (worn)
Jewellery
 m - an amulet of regeneration (around neck)
Wands
 f - a wand of digging (2)
 j - a wand of mindburst (13)
Scrolls
 b - 4 scrolls of fog
 c - a scroll of magic mapping
 h - a scroll of vulnerability {unknown}
 i - a scroll of teleportation {unknown}
Potions
 e - a potion of haste
 l - a potion of curing {unknown}


   Skills:
 - Level 2.6 Fighting
 - Level 1.7 Dodging
 - Level 4.5 Stealth
 + Level 3.6 Unarmed Combat


You had 2 spell levels left.
You didn't know any spells.
Your spell library contained the following spells:

 Spells                   Type           Power      Damage    Failure   Level
 Conjure Ball Lightning   Conj/Air       0%         3x3d6     100%        6
 Discord                  Hex            0%         N/A       100%        8
 Disjunction              Tloc           0%         N/A       100%        8


Dungeon Overview and Level Annotations

Branches:
Dungeon (5/15)             Temple (1/1) D:5

Annotations:
D:2 Natasha
D:3 Jessica
D:4 Eustachio
D:5 exclusion: hound


Innate Abilities, Weirdness & Mutations

You have an increased reservoir of magic. (+10% MP)
You shall have no god before yourself.
Your divine heritage dramatically boosts your attributes as you level up.


Message History

Unknown command.
You hit the white imp.
The white imp is heavily wounded.
The white imp gestures at you. The puff of frost hits you.
Unknown command.
You barely miss the white imp.
The white imp is heavily wounded.
The white imp hits you. The white imp freezes you.
Unknown command.
You completely miss the white imp.
The white imp is heavily wounded.
The white imp closely misses you.
Unknown command.
Unknown command.
You hit the white imp.
The white imp is severely wounded.
The white imp hits you. The white imp freezes you.
Unknown command.
Unknown command.
You hit the white imp.
The white imp is almost dead.
The white imp hits you. The white imp freezes you.
* * * LOW HITPOINT WARNING * * *
Unknown command.
Unknown command.
Unknown command.
You barely miss the white imp.
The white imp is almost dead.
The white imp gestures at you. The puff of frost hits you.
* * * LOW HITPOINT WARNING * * *
Unknown command.
Unknown command.
Unknown command.
Okay, then.
It was a potion of brilliance.
You feel clever all of a sudden. The white imp hits you.
You die...

##.##............
#..........#.....##
###.########.#...rh .
#.# .# ..##. #.##### #
.... #.....# ..########
#####.# ## #.........
#.########<# #.........
#....5..@5.# #.!.......
#....####### #.........
#....#########.........
#........h........$....
#......................
#####..................
#######............
#.........###
#.........#


You could see 2 white imps.

Vanquished Creatures
  3 adders
  A ball python (D:4)
  2 endoplasms (D:2)
  A goblin (D:3)
  2 hobgoblins
  2 jackals (D:2)
  4 kobolds
  A quokka (D:3)
  A bat (D:2)
  2 frilled lizards (D:3)
  4 rats
23 creatures vanquished.

Notes
Turn   | Place    | Note
-------+----------+-------------------------------------------
     0 | D:5      | drugrobin the Demigod Delver began the quest for the Orb.
     0 | D:5      | Reached XP level 1. HP: 18/18 MP: 3/3
    18 | D:5      | Found a staircase to the Ecumenical Temple.
    32 | Temple   | Entered the Ecumenical Temple
    39 | D:5      | Noticed a hound
   195 | D:4      | Noticed Eustachio
   299 | D:3      | Reached XP level 2. HP: 18/25 MP: 4/4
   410 | D:3      | Noticed Jessica
   642 | D:2      | Reached XP level 3. HP: 29/30 MP: 5/5
   800 | D:2      | Noticed Natasha
   843 | D:2      | HP: 1/30 [white imp/puff of frost[Natasha] (6)]
   844 | D:2      | Slain by a white imp

Illustrated notes

Levels and vault maps discovered:
D:2:      layout_basic, kennysheep_decorative_pillar, uniq_natasha
D:3:      layout_basic, mainiacjoe_overflow_catwalk, uniq_jessica
D:4:      layout_basic, nicolae_shop_firing_range, uniq_eustachio
D:5:      layout_basic, minmay_temple_entry_hall
Temple:   sentei_temple_godly_chess

Skill      XL: |  1  2 |
---------------+-------+-----
Unarmed Combat | 2 3 |  3.6
Fighting       | |  2.6
Dodging        | |  1.7
Stealth        | |  4.5

Action                   || total
-------------------------++-------
Melee: Unarmed           ||   118
       Punch             ||     1
Throw: Dart              ||     4
Evoke: Wand              ||     1
  Use: Scroll            ||     1
       Potion            ||     1
 Stab: Sleeping          ||     4
Armor: Leather armour    ||    30
Dodge: Dodged            ||    61

Table legend: (Time is in decaauts)
 A = Elapsed time spent in this place.
 B = Non-inter-level travel time spent in this place.
 C = Inter-level travel time spent in this place.
 D = Time resting spent in this place.
 E = Time spent auto-exploring this place.
 F = Levels seen in this place.
 G = Mean time per level.
                   A        B        C        D        E       F      G
               +--------+--------+--------+--------+--------+-----+--------+
         Total |    838 |    813 |     25 |     89 |    288 |   5 |  167.6 |
       Dungeon |    836 |    811 |     25 |     89 |    288 |   4 |  209.0 |
        Temple |      1 |      1 |      0 |      0 |      0 |   1 |    1.0 |
               +--------+--------+--------+--------+--------+-----+--------+

Top non-repeatable levels by time:
     D:3: 382 daAuts
     D:2: 240 daAuts
     D:4: 143 daAuts
     D:5: 70 daAuts
  Temple: 1 daAuts
